2372 views
Uploaded 2021-08-20 14:49:54
Game version 1.32.10
16:57 long 1on1 ladder game on (2)Amazonia
Saved by aom
2372 views
Uploaded 2021-08-20 14:49:54
Game version 1.32.10
16:57 long 1on1 ladder game on (2)Amazonia

17 units @ 2.9k
/ 0.4k
11 buildings @ 1.8k
/ 0.7k


| Rod of Necromancy | 3 | 450 |
| Ritual Dagger | 1 | 125 |
| Sacrificial Skull | 1 | 50 |
| Orb of Corruption | 1 | 375 |
| Potion of Healing | 1 | 150 |
| Circlet of Nobility | 1 | 175 |
| total: | 8 | 1325g |
| Acolyte | 4 | 300 | / | 0 |
| Ghoul | 3 | 360 | / | 0 |
| Obsidian Statue | 4 | 800 | / | 140 |
| Abomination | 2 | 480 | / | 140 |
| Crypt Fiend | 1 | 215 | / | 40 |
| Goblin Shredder | 1 | 375 | / | 100 |
| Forest Troll Shadow Priest | 1 | 195 | / | 10 |
| Mud Golem | 1 | 145 | / | 10 |
| total: | 17 | 2870g | / | 440w |
| Nerubian Tower | 1 | 100 | / | 20 |
| Altar of Darkness | 1 | 180 | / | 50 |
| Ziggurat | 5 | 750 | / | 250 |
| Crypt | 1 | 200 | / | 50 |
| Tomb of Relics | 1 | 130 | / | 30 |
| Graveyard | 1 | 215 | / | 0 |
| Slaughterhouse | 2 | 280 | / | 270 |
| Halls of the Dead | 1 | 320 | / | 210 |
| Black Citadel | 1 | 325 | / | 230 |
| total: | 11 | 1755g | / | 650w |
| 0:03 | Acolyte |
| 0:05 | Altar of Darkness |
| 0:06 | Ziggurat |
| 0:09 | Acolyte |
| 0:31 | Crypt |
| 0:41 | Acolyte |
| 0:59 | Tomb of Relics |
| 1:31 | Ghoul |
| 1:31 | Ghoul |
| 1:32 | Ghoul |
| 2:03 | Rod of Necromancy |
| 2:04 | Ritual Dagger |
| 2:05 | Sacrificial Skull |
| 2:07 | Death Coil |
| 2:39 | Halls of the Dead |
| 3:12 | Ziggurat |
| 3:32 | Graveyard |
| 3:34 | Ziggurat |
| 3:38 | Ziggurat |
| 3:43 | Cannibalize |
| 4:02 | Unholy Aura |
| 5:18 | Breath of Fire |
| 5:22 | Black Citadel |
| 5:23 | Slaughterhouse |
| 5:30 | Circlet of Nobility |
| 6:42 | Slaughterhouse |
| 6:43 | Ziggurat |
| 6:50 | Obsidian Statue |
| 7:03 | Rod of Necromancy |
| 7:33 | Goblin Shredder |
| 8:36 | Drunken Brawler |
| 8:49 | Ghoul Frenzy |
| 8:50 | Web |
| 8:54 | Destroyer Form |
| 8:56 | Obsidian Statue |
| 9:15 | Death Coil |
| 9:25 | Forest Troll Shadow Priest |
| 9:34 | Mud Golem |
| 9:46 | Disease Cloud |
| 9:48 | Abomination |
| 10:52 | Breath of Fire |
| 11:10 | Unholy Armor |
| 11:13 | Abomination |
| 11:14 | Obsidian Statue |
| 11:45 | Unholy Aura |
| 12:01 | Unholy Strength |
| 13:39 | Drunken Brawler |
| 13:47 | Nerubian Tower |
| 13:49 | Obsidian Statue |
| 14:25 | Orb of Corruption |
| 14:27 | Potion of Healing |
| 14:48 | Crypt Fiend |
| 14:51 | Acolyte |
| 15:04 | Rod of Necromancy |
| Right click | 484 |
| Select | 424 |
| Select group | 385 |
| Misc. action | 101 |
| Build/train/purchase | 85 |
| Use ability | 64 |
| Assign group | 34 |
| Chat | 3 |
| Item give/drop | 1 |
| Minimap ping | 1 |
26 units @ 3.1k
/ 0.3k
18 buildings @ 2k
/ 0.5k



| Lesser Clarity Potion | 2 | 140 |
| Scroll of Regeneration | 3 | 300 |
| Ivory Tower | 2 | 80 |
| Orb of Fire | 1 | 325 |
| Staff of Sanctuary | 1 | 250 |
| Potion of Healing | 1 | 150 |
| Scroll of Healing | 1 | 250 |
| Dust of Appearance | 1 | 75 |
| Staff of Teleportation | 2 | 300 |
| Potion of Lesser Invulnerability | 4 | 600 |
| total: | 18 | 2470g |
| Peasant | 16 | 1200 | / | 0 |
| Footman | 5 | 675 | / | 0 |
| Knight | 5 | 1225 | / | 300 |
| total: | 26 | 3100g | / | 300w |
| Guard Tower | 2 | 140 | / | 100 |
| Altar of Kings | 1 | 180 | / | 50 |
| Farm | 8 | 640 | / | 160 |
| Barracks | 1 | 160 | / | 60 |
| Arcane Vault | 6 | 780 | / | 180 |
| Lumber Mill | 1 | 120 | / | 0 |
| Blacksmith | 1 | 140 | / | 60 |
| Keep | 1 | 320 | / | 210 |
| Castle | 1 | 360 | / | 210 |
| total: | 18 | 2020g | / | 510w |
| 0:03 | Peasant |
| 0:05 | Altar of Kings |
| 0:07 | Farm |
| 0:15 | Peasant |
| 0:25 | Peasant |
| 0:50 | Peasant |
| 0:54 | Barracks |
| 0:59 | Peasant |
| 1:10 | Peasant |
| 1:20 | Farm |
| 1:23 | Peasant |
| 1:35 | Summon Water Elemental |
| 1:42 | Footman |
| 1:57 | Footman |
| 2:00 | Peasant |
| 2:11 | Footman |
| 2:34 | Peasant |
| 2:42 | Brilliance Aura |
| 3:00 | Keep |
| 3:04 | Farm |
| 3:25 | Arcane Vault |
| 3:39 | Lumber Mill |
| 3:41 | Farm |
| 3:51 | Footman |
| 4:11 | Staff of Teleportation |
| 4:13 | Summon Water Elemental |
| 4:20 | Farm |
| 4:23 | Arcane Vault |
| 4:33 | Arcane Vault |
| 4:45 | Footman |
| 4:51 | Improved Lumber Harvesting |
| 5:00 | Farm |
| 6:05 | Castle |
| 6:06 | Advanced Lumber Harvesting |
| 6:31 | Arcane Vault |
| 6:34 | Storm Bolt |
| 6:58 | Blacksmith |
| 7:43 | Lesser Clarity Potion |
| 7:43 | Scroll of Regeneration |
| 7:59 | Ivory Tower |
| 7:59 | Ivory Tower |
| 8:38 | Peasant |
| 8:38 | Peasant |
| 8:40 | Farm |
| 8:42 | Peasant |
| 8:55 | Bash |
| 9:06 | Potion of Lesser Invulnerability |
| 9:08 | Scroll of Healing |
| 9:21 | Farm |
| 9:44 | Brilliance Aura |
| 9:54 | Knight |
| 10:03 | Holy Light |
| 10:16 | Arcane Vault |
| 10:17 | Knight |
| 10:54 | Knight |
| 11:23 | Potion of Lesser Invulnerability |
| 11:32 | Lesser Clarity Potion |
| 11:32 | Scroll of Regeneration |
| 11:33 | Orb of Fire |
| 11:33 | Staff of Sanctuary |
| 11:46 | Potion of Healing |
| 12:34 | Knight |
| 13:05 | Summon Water Elemental |
| 13:07 | Knight |
| 13:36 | Peasant |
| 13:36 | Peasant |
| 13:48 | Peasant |
| 13:58 | Potion of Lesser Invulnerability |
| 14:01 | Staff of Teleportation |
| 14:10 | Potion of Lesser Invulnerability |
| 14:12 | Dust of Appearance |
| 14:27 | Arcane Vault |
| 14:32 | Guard Tower |
| 14:45 | Guard Tower |
| 14:50 | Peasant |
| 15:10 | Animal War Training |
| 15:18 | Storm Bolt |
| 15:43 | Scroll of Regeneration |
| Right click | 433 |
| Select | 414 |
| Build/train/purchase | 106 |
| Select group | 101 |
| Misc. action | 51 |
| Use ability | 22 |
| Item give/drop | 8 |
| Assign group | 4 |
| Chat | 3 |
| Remove unit | 1 |
โ